 Dungeon Crawl Stone Soup version 0.18-a0-846-g91b95b1 (webtiles) character file.

223 Gorice the Skirmisher (level 6, 0/46 HPs)
             Began as an Octopode Wanderer on Dec 20, 2015.
             Killed from afar by an orc wizard (10 damage)
             ... with a puff of flame
             ... on level 4 of the Dungeon.
             The game lasted 00:13:37 (3853 turns).

Gorice the Skirmisher (Octopode Wanderer)           Turns: 3853, Time: 00:13:38

Health: 0/46       AC:  1    Str: 12    XL:     6   Next: 0%
Magic:  7/7        EV: 11    Int: 17    God:
Gold:   234        SH:  0    Dex: 10    Spells: 0 memorised, 5 levels left

rFire  . . .     SeeInvis .     a - +2 hand crossbow
rCold  + . .     Gourm    .     (no shield)
rNeg   . . .     Faith    .     (helmet restricted)
rPois  .         Spirit   .     (no amulet)
rElec  .         Dismiss  .     q - ring of protection from cold
rCorr  .         Reflect  .     (no ring)
SustAt .         Harm     .     (no ring)
MR     .....                    (no ring)
Stlth  ++........               (no ring)
                                (no ring)
                                (no ring)
                                (no ring)

@: confused, not resistant to hostile enchantments, unstealthy
A: almost no armour, amphibious, 8 rings, constrict 8, camouflage 1, gelatinous
body 1
a: no special abilities


You were on level 4 of the Dungeon.
You were not hungry.

You visited 1 branch of the dungeon, and saw 5 of its levels.

You collected 234 gold pieces.

Inventory:

Hand Weapons
 a - a +2 hand crossbow (weapon)
 b - a +0 flail
 w - a +0 trident
Missiles
 c - 4 tomahawks
 v - 42 bolts (quivered)
 Z - 160 stones
Jewellery
 q - a ring of protection from cold (left tentacle)
Wands
 u - a wand of cold (7/15)
Scrolls
 e - a scroll of random uselessness {unknown}
 i - a scroll of fog {unknown}
 j - a scroll of amnesia {unknown}
 k - a scroll of magic mapping {!r}
 l - 3 scrolls of identify
 m - 2 scrolls of teleportation {unknown}
 n - a scroll of remove curse {unknown}
 p - a scroll of enchant armour {unknown}
 s - a scroll of immolation {unknown}
Potions
 g - a potion of berserk rage
Comestibles
 f - 4 bread rations {!e}
 h - 2 fruits
 o - 3 meat rations {!e}
 r - 2 beef jerkies
 t - 7 chunks of flesh


   Skills:
 + Level 5.9 Fighting
 - Level 1.0 Maces & Flails
 * Level 5.1 Crossbows
 - Level 2.1 Evocations


You had 5 spell levels left.
You didn't know any spells.

Dungeon Overview and Level Annotations

Branches:
Dungeon (5/15)
 Temple: D:4-7

Altars:
Makhleb
Okawaru
Pakellas
Qazlal
Vehumet
Zin


Innate Abilities, Weirdness & Mutations

You cannot wear most types of armour.
You are amphibious.
You can wear up to eight rings at the same time.
You can use your tentacles to constrict eight enemies at once.
Your skin changes colour to match your surroundings (Stealth).
Your rubbery body absorbs attacks (AC +1).


Message History

The orc wizard flickers and vanishes!
Deactivating autopickup; reactivate with Ctrl-A.
Unknown command.
Firing (i - inventory. (,) - cycle):
v - 47 bolts (quivered)
Press: ? - help, Shift-Dir - straight line You shoot a bolt.
Something hits you.
Damage: 1 (max 9) Firing (i - inventory. (,) - cycle):
v - 46 bolts (quivered)
Press: ? - help, Shift-Dir - straight line, f - you
Okay, then.
Unknown command.
Firing (i - inventory. (,) - cycle):
v - 46 bolts (quivered)
Press: ? - help, Shift-Dir - straight line You shoot a bolt.
You hear some strange, mumbled words.
You are confused.
Unknown command.
Firing (i - inventory. (,) - cycle):
v - 45 bolts (quivered)
Press: ? - help, Shift-Dir - straight line, f - you
Okay, then.
Unknown command.
Unknown command.
Unknown command.
Unknown command.
Unknown command.
Firing (i - inventory. (,) - cycle):
v - 45 bolts (quivered)
Press: ? - help, Shift-Dir - straight line You shoot a bolt.
You hear some strange, mumbled words.
A magic dart appears from out of thin air!
The magic dart hits you!
Damage: 3 (max 9) Unknown command.
Firing (i - inventory. (,) - cycle):
v - 44 bolts (quivered)
Press: ? - help, Shift-Dir - straight line You shoot a bolt.
You hear some strange, mumbled words.
A puff of flame appears from out of thin air!
The puff of flame hits you!
* * * LOW HITPOINT WARNING * * *
Something hits you.
* * * LOW HITPOINT WARNING * * *
Damage: 5 (max 9) Firing (i - inventory. (,) - cycle):
v - 43 bolts (quivered)
Press: ? - help, Shift-Dir - straight line You shoot a bolt.
You hear some strange, mumbled words.
A puff of flame appears from out of thin air!
The puff of flame hits you!
You die...

#.........##............
#.....(.(.....o...#+####
#######(#####.........#
#)# #.........# #(#
#.........# #)#
#.........# #(#
#.........# #{#
#.........##
########@#####..........#
#.......................#
#........#####..........#
#........# #...........
#(...(...# #.........#.
########## ###########.
## # #


There were no monsters in sight!

Vanquished Creatures
  3 orc priests (D:4)
  An orc wizard (D:4)
  3 adders
  2 giant geckos (D:3)
  12 orcs
  5 bats
  5 giant cockroaches
  5 goblins
  6 hobgoblins
  10 jackals
  A quokka (D:2)
  2 giant newts (D:1)
  7 kobolds
  8 rats
70 creatures vanquished.

Notes
Turn   | Place    | Note
--------------------------------------------------------------
     0 | D:1      | Gorice the Octopode Wanderer began the quest for the Orb.
     0 | D:1      | Gorice set off with: a +2 hand crossbow, 28 bolts, a potion of lignification {!q}, a potion of curing, a bread ration {!e}
     0 | D:1      | Reached XP level 1. HP: 18/18 MP: 2/2
   118 | D:1      | Reached XP level 2. HP: 24/24 MP: 3/3
   489 | D:1      | Reached skill level 3 in Crossbows
   779 | D:1      | Reached XP level 3. HP: 29/29 MP: 4/4
  1980 | D:3      | Reached XP level 4. HP: 35/35 MP: 5/5
  2715 | D:3      | Reached skill level 4 in Crossbows
  2896 | D:5      | Entered Level 5 of the Dungeon
  3399 | D:4      | HP: 5/35 [orc priest/divine providence (9)]
  3402 | D:4      | Reached XP level 5. HP: 9/40 MP: 6/6
  3802 | D:4      | Found an iron altar of Okawaru.
  3802 | D:4      | Found a glowing silver altar of Zin.
  3802 | D:4      | Found an oddly glowing altar of Pakellas.
  3802 | D:4      | Found a stormy altar of Qazlal.
  3804 | D:4      | Found a radiant altar of Vehumet.
  3804 | D:4      | Found a burning altar of Makhleb.
  3842 | D:4      | Reached skill level 5 in Crossbows
  3843 | D:4      | HP: 11/41 [orc wizard/magic dart (9)]
  3844 | D:4      | Reached XP level 6. HP: 12/46 MP: 7/7
  3852 | D:4      | HP: 10/46 [something/puff of flame (4)]
  3853 | D:4      | Killed from afar by an orc wizard

Vault maps used:
D:1:      dpeg_arrival_boxorama
D:2:      first_bread
D:4:      grunt_temple_overflow_open
D:5:      kennysheep_big_flooded_room

Action                   |  1- 3 |  4- 6 || total
-------------------------+-------+-------++-------
 Fire: Hand crossbow     |   103 |    91 ||   194
  Use: Scroll            |     2 |     2 ||     4
       Potion            |       |     2 ||     2
  Eat: Chunk             |     3 |     6 ||     9

Table legend:
 A = Turns spent in this place as a percentage of turns spent in the entire game.
 B = Non-inter-level travel turns spent in this place as a percentage of non-inter-level travel turns spent in the entire game.
 C = Inter-level travel turns spent in this place as a percentage of turns spent in this place.
 D = Turns resting spent in this place as a percentage of non-inter-level travel turns spent in this place.
 E = Turns spent auto-exploring this place as a percentage of non-inter-level travel turns spent in this place.
 F = Non-inter-level travel turns spent in this place divided by the number of levels of this place that you've seen.
                   A       B       C       D       E      F
               +-------+-------+-------+-------+-------+----------------------
         Total | 100.0 | 100.0 |   0.4 |   2.3 |   5.2 | 210.0
       Dungeon | 100.0 | 100.0 |   0.4 |   2.3 |   5.2 | 210.0
               +-------+-------+-------+-------+-------+----------------------

Vault maps used:
D:1:      dpeg_arrival_boxorama
D:2:      first_bread
D:4:      grunt_temple_overflow_open
D:5:      kennysheep_big_flooded_room
